[Event "*** SCC Grand Prix: Titled Tuesday Blitz"]
[Site "Chess.com"]
[Date "2020.06.02"]
[Round "6"]
[White "Zmeeed63"]
[Black "Szparu"]
[Result "1-0"]
[WhiteElo "2225"]
[BlackElo "2611"]
[TimeControl "180+1"]
[EndTime "11:05:58 PDT"]
[Termination "Zmeeed63 won by resignation"]

1. d4 Nf6 2. c4 g6 3. Nc3 d5 4.
Nf3 Bg7 5. Bg5 Ne4 6. cxd5 Nxg5 7. Nxg5 e6 8. Nf3 exd5 9. e3 O-O 10. b4 a5 11. b5 Be6 12. a4 Nd7 13. Be2 c5 14. bxc6 bxc6 15. O-O Rb8 16. Rb1 Rb4 17. Na2 Rxb1 18.
Qxb1 Qb6 19. Qxb6 Nxb6 20. Nc3 Rb8 21. Rb1 Bf8 22. Ne5 Nd7 23. Nxc6 Rxb1+ 24. Nxb1 Nb6 25.
Bb5 Nc4 26. Kf1 Bf5 27. Nc3 Bd3+ 28. Ke1 Bb4 29. Nxb4 axb4 30. Nxd5 b3 31. Bxc4 Bxc4 32. Nc3 b2 33. Kd2 Bf1 1-0

[Event "*** SCC Grand Prix: Titled Tuesday Blitz"]
[Site "Chess.com"]
[Date "2020.06.02"]
[Round "6"]
[White "MashaFromRussia"]
[Black "CMS13"]
[Result "0-1"]
[WhiteElo "2383"]
[BlackElo "2231"]
[TimeControl "180+1"]
[EndTime "11:06:00 PDT"]
[Termination "CMS13 won by resignation"]

1. d4 d5 2. c4 e6 3. Nf3 Nf6 4. g3 dxc4 5. Bg2 Nc6 6. Qa4 Bd7 7. Qxc4 Na5 8. Qc2 Rc8 9. O-O c5 10. Nc3 Bc6 11. dxc5 Bxc5 12. Rd1 Qe7 13. a3 Nc4 14.
b4 Bb6 15. Qb3 Nd6 16. Bf4 Nf5 17. b5 Bd7 18. Ne5 O-O 19. Nxd7 Nxd7 20. Bxb7 Nc5 21. Qb4 Qxb7 22. a4 a5 23. bxa6 Nxa6 24. Qb2 Bxf2+ 0-1

[Event "*** SCC Grand Prix: Titled Tuesday Blitz"]
[Site "Chess.com"]
[Date "2020.06.02"]
[Round "6"]
[White "Gloomy_Wanderer"]
[Black "rubhani"]
[Result "1-0"]
[WhiteElo "2780"]
[BlackElo "2577"]
[TimeControl "180+1"]
[EndTime "11:06:02 PDT"]
[Termination "Gloomy_Wanderer won by resignation"]

1. d4 Nf6 2. Nf3 e6 3. c4 d5 4. g3 Bb4+ 5. Nc3 O-O 6. Bg2 dxc4 7. O-O Bd7 8. Ne5 Bc6 9. Nxc6 Nxc6 10. e3 e5 11. Qa4 exd4 12. exd4 Qd6 13. Bf4 Qxd4 14. Bxc6 Bc5 15. Bf3 1-0

[Event "*** SCC Grand Prix: Titled Tuesday Blitz"]
[Site "Chess.com"]
[Date "2020.06.02"]
[Round "6"]
[White "mattcolins2025"]
[Black "Pechen_Yeltsina"]
[Result "0-1"]
[WhiteElo "2355"]
[BlackElo "2706"]
[TimeControl "180+1"]
[EndTime "11:06:09 PDT"]
[Termination "Pechen_Yeltsina won by resignation"]

1. d4 g6 2. c4 Bg7 3. e4 d6 4. Nc3 e5 5. d5 a5 6. Nf3 Na6 7. Bg5 f6 8. Be3 f5 9. Bg5 Bf6 10. Bxf6 Nxf6 11. Bd3 f4 12. h3 Nc5 13. Bc2 h6 14.
Qe2 g5 15. O-O-O Bd7 16. Kb1 Qe7 17. Nh2 Qg7 18. Ng4 h5 19. Nxf6+ Qxf6 20. f3 Ke7 21. Nb5 Bxb5 22. cxb5 Rag8 23. b6 cxb6 24. Qb5 g4 25. hxg4 hxg4 26. Rxh8 Rxh8 27. Qxb6 gxf3 28.
Qc7+ Nd7 29. gxf3 Qf8 30. Ba4 Qc8 31. Qxc8 Rxc8 32. Rg1 Nc5 33. Bb5 Kf7 34. Rh1 Rg8 35. Rh7+ Rg7 36. Rxg7+ Kxg7 37. Kc2 Kf6 38. a3 Kg5 39.
Kd2 Nb3+ 40. Ke1 Nd4 41. Bd7 Nxf3+ 42. Kf2 Nd2 43. Bf5 Nc4 44. b4 Nxa3 45. bxa5 Nc4 46. Bc8 Nxa5 47. Kf3 b6 48. Ba6 Nb3 49. Kf2 Nc5 0-1

[Event "*** SCC Grand Prix: Titled Tuesday Blitz"]
[Site "Chess.com"]
[Date "2020.06.02"]
[Round "6"]
[White "PauloFanha"]
[Black "PetrolulSah"]
[Result "0-1"]
[WhiteElo "1957"]
[BlackElo "2228"]
[TimeControl "180+1"]
[EndTime "11:06:17 PDT"]
[Termination "PetrolulSah won by resignation"]

1. e4 e5 2. Bc4 Nf6 3. d4 exd4 4.
Nf3 d5 5. exd5 Nxd5 6. Qxd4 Be6 7. O-O Nc6 8. Bb5 a6 9. Bxc6+ bxc6 10. Re1 Qd7 11. Nc3 Nxc3 12. Qxc3 Bd6 13. Qxg7 O-O-O 14. Qc3 Bd5 15. Qd3 Rhg8 16. Qxa6+ Kb8 17. Re3 Rxg2+ 18.
Kxg2 Qg4+ 19. Kf1 Bc4+ 20. Ke1 Bxa6 21. Nd4 Qxd4 22. Rb3+ Bb4+ 0-1

[Event "*** SCC Grand Prix: Titled Tuesday Blitz"]
[Site "Chess.com"]
[Date "2020.06.02"]
[Round "6"]
[White "VladimirBelous"]
[Black "Ali-Farahat"]
[Result "1-0"]
[WhiteElo "2744"]
[BlackElo "2385"]
[TimeControl "180+1"]
[EndTime "11:06:22 PDT"]
[Termination "VladimirBelous won by resignation"]

1. c4 c6 2. d4 d5 3. Nf3 Nf6 4. e3 g6 5. Nc3 Bg7 6. cxd5 Nxd5 7. Be2 O-O 8. O-O Be6 9. Ne4 Bf5 10. Ng3 Bc8 11. e4 Nf6 12. h3 Nbd7 13. Be3 a5 14. a4 Qc7 15. Rc1 e5 16. d5 Rd8 17.
Qc2 Qb8 18. Rfd1 cxd5 19. exd5 b6 20. d6 Bb7 21. Ng5 h6 22. Nxf7 Kxf7 23. Bc4+ Bd5 24. Rxd5 1-0

[Event "*** SCC Grand Prix: Titled Tuesday Blitz"]
[Site "Chess.com"]
[Date "2020.06.02"]
[Round "6"]
[White "51616516516"]
[Black "andy_rekt"]
[Result "1-0"]
[WhiteElo "2374"]
[BlackElo "2043"]
[TimeControl "180+1"]
[EndTime "11:06:22 PDT"]
[Termination "51616516516 won by resignation"]

1. d4 e6 2. c4 Nf6 3. Nc3 Bb4 4. Qc2 O-O 5. Nf3 d5 6. cxd5 exd5 7. Bg5 h6 8. Bxf6 Qxf6 9. a3 Bxc3+ 10. Qxc3 c6 11.
e3 Nd7 12. Be2 Qg6 13. O-O Nf6 14. Ne5 Qf5 15. b4 Ne4 16. Qc2 f6 17. Bg4 Qg5 18.
f4 Qh4 19. g3 Nxg3 20. Bxc8 Nxf1 21. Be6+ 1-0

[Event "*** SCC Grand Prix: Titled Tuesday Blitz"]
[Site "Chess.com"]
[Date "2020.06.02"]
[Round "6"]
[White "baki83"]
[Black "Parhamov"]
[Result "0-1"]
[WhiteElo "2831"]
[BlackElo "3081"]
[TimeControl "180+1"]
[EndTime "11:06:27 PDT"]
[Termination "Parhamov won by resignation"]

1. e4 e5 2. Nf3 Nc6 3. Bc4 Nf6 4. d3 Bc5 5. c3 O-O 6. O-O d6 7. Re1 a5 8. Bg5 h6 9. Bh4 g5 10. Bg3 Ba7 11. Na3 Kg7 12. Nb5 Bb6 13. d4 Nh5 14. Rc1 Qf6 15. Bd5 Nxg3 16. hxg3 Ne7 17. Bb3 Ng6 18.
c4 exd4 19. Nfxd4 c6 20. Nf5+ Bxf5 0-1

[Event "*** SCC Grand Prix: Titled Tuesday Blitz"]
[Site "Chess.com"]
[Date "2020.06.02"]
[Round "6"]
[White "luizwas"]
[Black "Juanovic"]
[Result "0-1"]
[WhiteElo "1842"]
[BlackElo "2110"]
[TimeControl "180+1"]
[EndTime "11:06:27 PDT"]
[Termination "Juanovic won by checkmate"]

1. e4 c5 2. Nf3 d6 3. d4 cxd4 4. Nxd4 Nf6 5. Nc3 g6 6. Be3 Bg7 7. f3 Nc6 8. Qd2 O-O 9. Nb3 a5 10. Bh6 a4 11. Nc1 Be6 12. h4 a3 13. b3 Rc8 14. h5 Ne5 15. Bxg7 Kxg7 16. hxg6 fxg6 17. Qh6+ Kh8 18. N1e2 Bg8 19. Nf4 Rxc3 20. Nxg6+ Nxg6 21. Qxg6 Rxc2 22. Bc4 Qa5+ 23. Kf1 Qd2 24. Qg3 Nxe4 25. Qh4 Qxg2+ 26. Ke1 Qd2+ 27. Kf1 Rxf3+ 28. Kg1 Qg2# 0-1

[Event "*** SCC Grand Prix: Titled Tuesday Blitz"]
[Site "Chess.com"]
[Date "2020.06.02"]
[Round "6"]
[White "StephenDedalus83"]
[Black "Marty435"]
[Result "1-0"]
[WhiteElo "2718"]
[BlackElo "2435"]
[TimeControl "180+1"]
[EndTime "11:06:29 PDT"]
[Termination "StephenDedalus83 won by checkmate"]

1. e4 c6 2. d4 d5 3. e5 Bf5 4. c3 e6 5. Be3 Nd7 6. Nd2 c5 7. f4 cxd4 8. Bxd4 Ne7 9. Ngf3 Nc6 10. Nb3 Be7 11. Be2 O-O 12. O-O f6 13. exf6 Bxf6 14. Bxf6 Qxf6 15. Qd2 Bg4 16. Nfd4 Bxe2 17. Qxe2 Nxd4 18.
Nxd4 Nc5 19. Qb5 b6 20. Rae1 Ne4 21. f5 Nd6 22. Qc6 Nxf5 23. Nxe6 Kh8 24. Qxd5 Rae8 25. Nxf8 Rxf8 26. Rxf5 Qxf5 27. Qxf5 Rxf5 28. Re8+ Rf8 29. Rxf8# 1-0

[Event "*** SCC Grand Prix: Titled Tuesday Blitz"]
[Site "Chess.com"]
[Date "2020.06.02"]
[Round "6"]
[White "Quiet_Desperation"]
[Black "colegiodemadrid"]
[Result "0-1"]
[WhiteElo "2087"]
[BlackElo "2380"]
[TimeControl "180+1"]
[EndTime "11:06:34 PDT"]
[Termination "colegiodemadrid won by resignation"]

1. e4 c5 2. Nf3 d6 3. d4 cxd4 4. Nxd4 Nf6 5. Nc3 a6 6. Bg5 e6 7. f3 Be7 8. Be3 b5 9. Qd2 Bb7 10. O-O-O Nbd7 11. g4 Nb6 12. Bd3 Nfd7 13. Kb1 Rc8 14.
h4 Ne5 15. b3 d5 16. Nce2 dxe4 17. Bxe4 Bxe4 18. fxe4 Nxg4 19. Rhg1 Nxe3 20. Qxe3 Qc7 21.
Rxg7 e5 22. Rxf7 exd4 23. Rxe7+ Qxe7 24. Nxd4 Nd5 0-1

[Event "*** SCC Grand Prix: Titled Tuesday Blitz"]
[Site "Chess.com"]
[Date "2020.06.02"]
[Round "6"]
[White "14Sokol88"]
[Black "bugbug01052018"]
[Result "1-0"]
[WhiteElo "2419"]
[BlackElo "2209"]
[TimeControl "180+1"]
[EndTime "11:06:36 PDT"]
[Termination "14Sokol88 won by resignation"]

1. e4 c5 2. Nf3 Nc6 3. d4 cxd4 4.
Nxd4 Nf6 5. Nc3 e5 6. Ndb5 d6 7. Bg5 a6 8. Na3 b5 9. Nd5 Be7 10. Bxf6 Bxf6 11. c3 O-O 12. Nc2 Bg5 13. a4 bxa4 14.
Rxa4 Be6 15. Bc4 a5 16. O-O Rb8 17. b3 Bxd5 18. Bxd5 Ne7 19. Bc4 Qc7 20. Qd3 Ng6 21.
g3 Rfd8 22. Rfa1 Ra8 23. Bd5 Ra7 24. b4 Rc8 25. Rxa5 Rxa5 26. bxa5 Qxc3 27. Qxc3 Rxc3 28. a6 1-0

[Event "*** SCC Grand Prix: Titled Tuesday Blitz"]
[Site "Chess.com"]
[Date "2020.06.02"]
[Round "6"]
[White "lidiyato"]
[Black "Khayala13"]
[Result "0-1"]
[WhiteElo "2106"]
[BlackElo "2262"]
[TimeControl "180+1"]
[EndTime "11:06:37 PDT"]
[Termination "Khayala13 won by resignation"]

1. e4 c6 2. d4 d5 3. Nc3 dxe4 4. Nxe4 Nf6 5. Nxf6+ exf6 6. Nf3 Bd6 7. Bd3 O-O 8. O-O Qc7 9. h3 Nd7 10. c3 c5 11. Qc2 h6 12. Be3 cxd4 13. Nxd4 a6 14. Nf5 Bc5 15. Bxh6 gxh6 16. Nxh6+ Kh8 17. Qa4 Qg3 18.
Qb4 0-1

[Event "*** SCC Grand Prix: Titled Tuesday Blitz"]
[Site "Chess.com"]
[Date "2020.06.02"]
[Round "6"]
[White "kingmonkey2006"]
[Black "Virgo15"]
[Result "0-1"]
[WhiteElo "2516"]
[BlackElo "2760"]
[TimeControl "180+1"]
[EndTime "11:06:38 PDT"]
[Termination "Virgo15 won by resignation"]

1. e4 e6 2. d4 d5 3. Nd2 c5 4. exd5 Qxd5 5. Ngf3 cxd4 6. Bc4 Qd6 7. O-O Nf6 8. Nb3 Nc6 9. Nbxd4 Nxd4 10. Nxd4 a6 11. c3 Qc7 12. Qe2 Bd6 13. h3 b5 14. Bd3 Bb7 15. Bg5 Nd5 16. Nf5 Bh2+ 17. Kh1 O-O 18. Nd4 Bf4 19. Qh5 g6 20. Qg4 Bxg5 21. Qxg5 Nf4 22.
Rfd1 Bxg2+ 23. Kg1 Nxh3+ 0-1

[Event "*** SCC Grand Prix: Titled Tuesday Blitz"]
[Site "Chess.com"]
[Date "2020.06.02"]
[Round "6"]
[White "themind1hunter"]
[Black "MirMan90"]
[Result "1-0"]
[WhiteElo "2514"]
[BlackElo "2706"]
[TimeControl "180+1"]
[EndTime "11:06:39 PDT"]
[Termination "themind1hunter won by resignation"]

1. e4 c5 2. Nf3 d6 3. d4 cxd4 4. Nxd4 Nf6 5. Nc3 g6 6. Be3 Bg7 7. f3 Nc6 8. Qd2 O-O 9. O-O-O Nxd4 10. Bxd4 Be6 11. Kb1 Qc7 12. h4 Rfc8 13. h5 Qa5 14. hxg6 hxg6 15. a3 Rab8 16. Bd3 Bc4 17. Bxc4 Rxc4 18.
Qd3 Rbc8 19. Nd5 Nxd5 20. Bxg7 Kxg7 21. exd5 Rxc2 22. Qd4+ f6 23. Qe3 Kg8 24. Qe6+ 1-0

[Event "*** SCC Grand Prix: Titled Tuesday Blitz"]
[Site "Chess.com"]
[Date "2020.06.02"]
[Round "6"]
[White "ChessBitl"]
[Black "ShieldingOff"]
[Result "1-0"]
[WhiteElo "2331"]
[BlackElo "2052"]
[TimeControl "180+1"]
[EndTime "11:06:41 PDT"]
[Termination "ChessBitl won by resignation"]

1. e4 c5 2. Nf3 e6 3. c4 Nc6 4. Nc3 Nf6 5. Be2 d6 6. d4 cxd4 7. Nxd4 a6 8. O-O Qc7 9. Be3 Be7 10. Qd2 Ne5 11. Rac1 b6 12. f3 Bb7 13. Rfd1 O-O 14. b4 Rac8 15. a3 Qb8 16. Na4 Ba8 17.
Nb3 b5 18. cxb5 axb5 19. Nb6 Rxc1 20. Rxc1 Nfd7 21. Nxd7 Nxd7 22. Qd3 Rc8 23. Qxb5 Rxc1+ 24. Nxc1 Qc8 25. Qc4 Qb8 26. Nb3 Ne5 27. Qc2 h6 28.
Nd4 Bg5 29. f4 1-0

[Event "*** SCC Grand Prix: Titled Tuesday Blitz"]
[Site "Chess.com"]
[Date "2020.06.02"]
[Round "6"]
[White "rpragchess"]
[Black "kuban1991"]
[Result "1-0"]
[WhiteElo "2873"]
[BlackElo "2711"]
[TimeControl "180+1"]
[EndTime "11:06:45 PDT"]
[Termination "rpragchess won by resignation"]

1. d4 g6 2. e4 Bg7 3. Nf3 c6 4. h3 d5 5. Nc3 Nf6 6. e5 Ne4 7. Bd3 Nxc3 8. bxc3 O-O 9. h4 Bg4 10. h5 gxh5 11. Bxh7+ Kxh7 12. Qd3+ Kg8 13. Ng5 Re8 14. Qh7+ Kf8 15. f3 Qd7 16. fxg4 Qxg4 17. O-O f6 18. Qg6 1-0

[Event "*** SCC Grand Prix: Titled Tuesday Blitz"]
[Site "Chess.com"]
[Date "2020.06.02"]
[Round "6"]
[White "MightyGMpretender"]
[Black "Igrok3069"]
[Result "0-1"]
[WhiteElo "2585"]
[BlackElo "2762"]
[TimeControl "180+1"]
[EndTime "11:06:48 PDT"]
[Termination "Igrok3069 won by resignation"]

1. Nf3 d5 2. d4 Nf6 3. Bf4 g6 4. e3 Bg7 5. Bd3 O-O 6. O-O b6 7.
Nbd2 Bb7 8. Rc1 c5 9. c3 Nbd7 10. Qe2 Nh5 11. Bg5 h6 12. Bh4 a6 13. h3 Re8 14. g4 Nhf6 15. Bg3 Ne4 16. Bh2 e5 17. dxe5 Nxe5 18. Nxe5 Bxe5 19. Bxe5 Rxe5 20. f4 Ng3 21. Qf2 Nxf1 22. Rxf1 Re7 23. f5 Qd6 24.
Qh4 Rxe3 25. fxg6 Qg3+ 26. Qxg3 Rxg3+ 27. Kh2 Rxd3 0-1

[Event "*** SCC Grand Prix: Titled Tuesday Blitz"]
[Site "Chess.com"]
[Date "2020.06.02"]
[Round "6"]
[White "imdvb6307"]
[Black "szefru"]
[Result "0-1"]
[WhiteElo "2366"]
[BlackElo "2138"]
[TimeControl "180+1"]
[EndTime "11:06:51 PDT"]
[Termination "szefru won by resignation"]

1. c4 e5 2. Nc3 g6 3. Nf3 Bg7 4.
e3 Ne7 5. d4 d6 6. dxe5 dxe5 7.
Qxd8+ Kxd8 8. Ng5 Ke8 9. c5 f6 10. Nge4 Be6 11. h4 Kf7 12. a3 a5 13. Bd2 h6 14. Nb5 Na6 15. Bxa5 f5 16. Nd2 Nxc5 17. Bxc7 e4 18. Nd4 Nd5 19. Bd6 Na4 20. Nxe6 Kxe6 21.
Bc4 Kxd6 22. Bxd5 Kxd5 23. Ke2 Bxb2 24. Rag1 Nc3+ 25. Kf1 Rxa3 26. g4 Ra1+ 27. Kg2 Rxg1+ 28. Rxg1 fxg4 29. Kh2 Rf8 30. Rxg4 Rxf2+ 0-1

[Event "*** SCC Grand Prix: Titled Tuesday Blitz"]
[Site "Chess.com"]
[Date "2020.06.02"]
[Round "6"]
[White "eightbyeightchess"]
[Black "Perecke"]
[Result "1-0"]
[WhiteElo "2405"]
[BlackElo "2187"]
[TimeControl "180+1"]
[EndTime "11:06:55 PDT"]
[Termination "eightbyeightchess won by resignation"]

1. e4 c5 2. Nf3 e6 3. d4 cxd4 4. Nxd4 Nc6 5. Nc3 a6 6. Nxc6 bxc6 7. Bd3 d5 8. O-O Bb7 9. f4 Nf6 10. Kh1 Be7 11. Qe2 O-O 12. Bd2 Kh8 13. Rae1 d4 14.
Nd1 c5 15. Nf2 Qc7 16. b3 a5 17. a4 Qc6 18. Qf3 Nd7 19. Qh3 g6 20. f5 exf5 21.
exf5 Rae8 22. fxg6 fxg6 23. Bb5 Qd5 24. Bxd7 Rd8 25.
Rxe7 1-0

[Event "*** SCC Grand Prix: Titled Tuesday Blitz"]
[Site "Chess.com"]
[Date "2020.06.02"]
[Round "6"]
[White "Morshynska"]
[Black "vanImpe"]
[Result "1-0"]
[WhiteElo "2173"]
[BlackElo "2327"]
[TimeControl "180+1"]
[EndTime "11:06:56 PDT"]
[Termination "Morshynska won by resignation"]

1. e4 c5 2. Nf3 g6 3. d4 cxd4 4. Nxd4 Bg7 5. c4 Nc6 6. Be3 Nf6 7. Nc3 O-O 8. Be2 b6 9. O-O Bb7 10. f3 Qb8 11. Qd2 Rd8 12. Nd5 e6 13. Nxf6+ Bxf6 14. Nb5 d5 15. cxd5 exd5 16. exd5 Ne7 17. d6 Nf5 18.
Bg5 Bxg5 19. Qxg5 Nxd6 20. Rfd1 Nxb5 21. Bxb5 a6 22. Bc4 b5 23. Bb3 Qc7 24. Qf6 a5 25. Bxf7+ Qxf7 26. Rxd8+ Rxd8 27. Qxd8+ Kg7 28. Rd1 Bc6 29.
Qd6 Qa7+ 30. Qd4+ 1-0

[Event "*** SCC Grand Prix: Titled Tuesday Blitz"]
[Site "Chess.com"]
[Date "2020.06.02"]
[Round "6"]
[White "swimmerchess"]
[Black "stanyga"]
[Result "1-0"]
[WhiteElo "2829"]
[BlackElo "2656"]
[TimeControl "180+1"]
[EndTime "11:07:01 PDT"]
[Termination "swimmerchess won by resignation"]

1. e4 c5 2. Nf3 d6 3. d4 cxd4 4. Nxd4 Nf6 5. Nc3 a6 6. Bg5 Nbd7 7. Qe2 e6 8. O-O-O Qc7 9. f4 b5 10.
a3 Be7 11. g4 h6 12. Bh4 Rb8 13. Bg2 b4 14. axb4 Rxb4 15. Rhe1 g5 16. fxg5 hxg5 17. Bxg5 Rxh2 18. Bf4 Rxg2 19. Qxg2 e5 20. Nf5 exf4 21. g5 Qb6 22. gxf6 Nxf6 23. Nxe7 Kxe7 24.
Qg5 Kd7 25. Qxf6 Rxb2 26. Qxf7+ Kc6 27. Qd5+ Kc7 28. Qxd6+ Qxd6 29. Rxd6 1-0

[Event "*** SCC Grand Prix: Titled Tuesday Blitz"]
[Site "Chess.com"]
[Date "2020.06.02"]
[Round "6"]
[White "Machidon"]
[Black "Khamrakulov_Djurabek"]
[Result "0-1"]
[WhiteElo "2512"]
[BlackElo "2804"]
[TimeControl "180+1"]
[EndTime "11:07:02 PDT"]
[Termination "Khamrakulov_Djurabek won by resignation"]

1. d4 Nf6 2. Nf3 e6 3. c4 c5 4.
d5 b5 5. dxe6 fxe6 6. cxb5 Be7 7. e3 Bb7 8. Nbd2 O-O 9. Bd3 d5 10. O-O a6 11. bxa6 Nxa6 12. b3 Nb4 13. Bb1 Ba6 14.
Re1 Nd3 15. Bxd3 Bxd3 16. Bb2 Bd6 17. Be5 Be7 18. Nf1 c4 19. Nd4 Qb6 20. bxc4 dxc4 21. Nd2 Ra5 22. Bg3 Ba3 23. Rb1 Qa6 24. Rb8 e5 25.
Rxf8+ Bxf8 26. N4f3 e4 27. Nd4 Rxa2 0-1

[Event "*** SCC Grand Prix: Titled Tuesday Blitz"]
[Site "Chess.com"]
[Date "2020.06.02"]
[Round "6"]
[White "Trickov"]
[Black "Panterov"]
[Result "1-0"]
[WhiteElo "2334"]
[BlackElo "2125"]
[TimeControl "180+1"]
[EndTime "11:07:02 PDT"]
[Termination "Trickov won by resignation"]

1. d4 d5 2. Nf3 c6 3. c4 Bf5 4. Qb3 Qb6 5. c5 Qxb3 6. axb3 Bxb1 7.
Rxb1 Nd7 8. Bf4 a6 9. e3 h6 10. h3 g5 11. Bh2 Bg7 12. b4 Ngf6 13.
Bd3 O-O 14. Nd2 Rfe8 15. Nb3 e5 16. O-O exd4 17. exd4 Ne4 18. Rfd1 Re7 19. f3 Nef6 20. Bd6 Ree8 21. Na5 Ra7 22. Bf5 Bf8 23. Bh2 Be7 24. Re1 Bd8 25. Rxe8+ Nxe8 26. Bxd7 Bxa5 27. bxa5 Nf6 28. Bc8 Nh5 29. Bc7 Nf4 30. Bxf4 gxf4 31. Re1 Kf8 32. Bd7 Ra8 33. h4 Rd8 34. Bf5 Ra8 35.
Kh2 Kg7 36. Kh3 Kf6 37. Bd3 Rg8 38. Kh2 Rd8 39. Kg1 Rg8 40. Kf2 Rd8 41. Re5 1-0

[Event "*** SCC Grand Prix: Titled Tuesday Blitz"]
[Site "Chess.com"]
[Date "2020.06.02"]
[Round "6"]
[White "WonderChampion"]
[Black "TheoSlade"]
[Result "0-1"]
[WhiteElo "1974"]
[BlackElo "2364"]
[TimeControl "180+1"]
[EndTime "11:07:03 PDT"]
[Termination "TheoSlade won by checkmate"]

1. e4 e5 2. Nf3 Nc6 3. Bc4 Bc5 4. c3 Nf6 5. d4 exd4 6. e5 d5 7. Bb5 Ne4 8. cxd4 Bb6 9. Nc3 O-O 10. O-O Bg4 11.
Bxc6 bxc6 12. Be3 f6 13. exf6 Qxf6 14. Nxe4 dxe4 15. Qb3+ Be6 16. Qc3 exf3 17. a4 Qg6 18. g3 Qh5 19. h4 Qg4 20. Qxc6 Qh3 21. Qxe6+ Qxe6 22. Kh2 Rad8 23. Rfd1 c6 24. a5 Bc7 25. b4 Qg4 26. Bg5 Rd5 27. Be7 Re8 28. Re1 Rxe7 29.
Rxe7 Qxh4+ 30. Kg1 Qh3 31. Re8+ Kf7 32. Rf8+ Kxf8 33.
Re1 Qg2# 0-1

[Event "*** SCC Grand Prix: Titled Tuesday Blitz"]
[Site "Chess.com"]
[Date "2020.06.02"]
[Round "6"]
[White "vlad_Sid"]
[Black "AsaHoffmann"]
[Result "1-0"]
[WhiteElo "2640"]
[BlackElo "2457"]
[TimeControl "180+1"]
[EndTime "11:07:06 PDT"]
[Termination "vlad_Sid won by resignation"]

1. c4 Nf6 2. g3 d6 3. Bg2 c6 4. Nc3 e5 5. Nf3 Be6 6. d3 h6 7. O-O Be7 8. Rb1 Qd7 9. Re1 O-O 10. b4 Re8 11. b5 Bh3 12. Bh1 Qe6 13. bxc6 bxc6 14.
Qa4 Nfd7 15. Be3 a5 16. Nd2 f5 17. Bxc6 Nxc6 18. Qxc6 f4 19. Bb6 Nf6 20. Nde4 Rec8 21.
Nxf6+ Bxf6 22. Qd5 a4 23. f3 fxg3 24. hxg3 Bf5 25. g4 Qxd5 26. Nxd5 Be6 27. Nc7 Bd7 28. Nxa8 Rxa8 29. Bc7 Be7 30. Rb8+ Rxb8 31. Bxb8 Be6 32. Rb1 d5 33. Bxe5 dxc4 34. dxc4 Bxc4 35. Rb7 Kf7 36. Bd6 1-0

[Event "*** SCC Grand Prix: Titled Tuesday Blitz"]
[Site "Chess.com"]
[Date "2020.06.02"]
[Round "6"]
[White "2346PL"]
[Black "korkmaz16"]
[Result "1-0"]
[WhiteElo "2445"]
[BlackElo "2250"]
[TimeControl "180+1"]
[EndTime "11:07:06 PDT"]
[Termination "2346PL won by resignation"]

1. d4 d5 2. Nf3 Nf6 3. c3 Bf5 4. Qb3 Qc8 5. Bf4 e6 6. Nbd2 c5 7. Nh4 c4 8. Qd1 Bg4 9. h3 Bh5 10. g4 Bg6 11. Bg2 Nbd7 12. Nxg6 hxg6 13. e4 Qc6 14.
Qe2 O-O-O 15. b3 e5 16. dxe5 Nc5 17. O-O Nfxe4 18. bxc4 Nxc3 19. Qf3 N3e4 20. cxd5 Nxd2 21. Bxd2 Qa6 22. Rfc1 Kb8 23. Qxf7 Qd3 24. Be3 Be7 25. Qxe7 1-0

[Event "*** SCC Grand Prix: Titled Tuesday Blitz"]
[Site "Chess.com"]
[Date "2020.06.02"]
[Round "6"]
[White "DLR7"]
[Black "AttilaTurzo"]
[Result "1-0"]
[WhiteElo "2662"]
[BlackElo "2475"]
[TimeControl "180+1"]
[EndTime "11:07:09 PDT"]
[Termination "DLR7 won by resignation"]

1. e4 c5 2. Nf3 d6 3. b4 Nf6 4.
bxc5 Nxe4 5. cxd6 exd6 6. Bb5+ Bd7 7. Bxd7+ Nxd7 8. Qe2 Qe7 9. O-O Ng5 10. Qd1 Nxf3+ 11.
Qxf3 Qf6 12. Qxb7 Rb8 13. Qe4+ Be7 14. Nc3 O-O 15. Ba3 Rfe8 16. Nd5 Qg5 17. f4 Qg6 18.
Nxe7+ Rxe7 19. Qxe7 Qxc2 20. Qxd7 Qd3 21. Qxd6 1-0

[Event "*** SCC Grand Prix: Titled Tuesday Blitz"]
[Site "Chess.com"]
[Date "2020.06.02"]
[Round "6"]
[White "Campelov"]
[Black "saisree"]
[Result "1-0"]
[WhiteElo "2175"]
[BlackElo "2342"]
[TimeControl "180+1"]
[EndTime "11:07:12 PDT"]
[Termination "Campelov won by resignation"]

1. e4 c6 2. d4 d5 3. Nd2 dxe4 4. Nxe4 Bf5 5. Ng3 Bg6 6. h4 h6 7. Nf3 Nd7 8. h5 Bh7 9. Bd3 Bxd3 10. Qxd3 e6 11.
Bd2 Ngf6 12. O-O-O Be7 13. Ne4 Nxe4 14. Qxe4 Nf6 15. Qe2 Qd5 16. Kb1 O-O 17. g4 Nxg4 18. Rhg1 f5 19. Ne5 Nxe5 20. dxe5 Qe4 21. Qxe4 fxe4 22.
Bxh6 Rf7 23. Be3 Rf5 24. Rd7 Bf8 25. h6 Rxe5 26. hxg7 Bc5 27. Rh1 1-0

[Event "*** SCC Grand Prix: Titled Tuesday Blitz"]
[Site "Chess.com"]
[Date "2020.06.02"]
[Round "6"]
[White "seorobert1971"]
[Black "chess94cu"]
[Result "1-0"]
[WhiteElo "2646"]
[BlackElo "2462"]
[TimeControl "180+1"]
[EndTime "11:07:14 PDT"]
[Termination "seorobert1971 won by resignation"]

1. d4 Nf6 2. c4 e6 3. Nc3 Bb4 4. f3 d5 5. a3 Bxc3+ 6. bxc3 c5 7. cxd5 Nxd5 8. dxc5 Qa5 9. e4 Nf6 10. Be3 O-O 11.
Qb3 Nfd7 12. Qb4 Qc7 13. Nh3 Nc6 14. Qc4 Na5 15. Qb4 Nc6 16. Qb5 b6 17. cxb6 axb6 18. Be2 Na5 19. Qb4 Ba6 20. Bxa6 Rxa6 21. O-O Nc4 22.
Bf2 Rfa8 23. Qe7 h6 24. Rfd1 R6a7 25. a4 Qc6 26. Qb4 Ra6 27. Nf4 Nf6 28. h3 Rxa4 29. Rxa4 Qxa4 30. Rd8+ Kh7 31. Rxa8 Qxa8 32. Qxc4 1-0

[Event "*** SCC Grand Prix: Titled Tuesday Blitz"]
[Site "Chess.com"]
[Date "2020.06.02"]
[Round "6"]
[White "VALPARAISO37"]
[Black "Jungle_Jaguar"]
[Result "0-1"]
[WhiteElo "2351"]
[BlackElo "2599"]
[TimeControl "180+1"]
[EndTime "11:07:14 PDT"]
[Termination "Jungle_Jaguar won by checkmate"]

1. d4 Nf6 2. c4 e6 3. Nc3 Bb4 4. a3 Bxc3+ 5. bxc3 c5 6. e3 O-O 7. Bd3 d6 8. e4 Nc6 9. Ne2 e5 10. O-O Re8 11. f3 cxd4 12. cxd4 exd4 13. Rb1 Nd7 14.
Bb2 Qg5 15. f4 Qc5 16. Kh1 Nf6 17. h3 Nxe4 18. Qc2 Bf5 19. Bc1 h5 20. Rb5 h4 21.
Rxc5 dxc5 22. Kh2 Re7 23. g4 hxg3+ 24. Nxg3 Nxg3 25. Kxg3 Bxd3 26. Qxd3 Rae8 27. Qf5 g6 28.
Qxc5 d3 29. Bb2 Re3+ 30. Kh4 Ne7 31. Kg5 Rg3+ 32. Kf6 Nf5 33. Re1 Rxe1 34. Qc8+ Kh7 35. Kxf7 Nd6+ 36. Kf8 Nxc8 37. f5 gxf5 38. h4 Nd6 39.
Bc3 Rg8# 0-1

[Event "*** SCC Grand Prix: Titled Tuesday Blitz"]
[Site "Chess.com"]
[Date "2020.06.02"]
[Round "6"]
[White "Boudicca64"]
[Black "Konovalova_Vera"]
[Result "0-1"]
[WhiteElo "1972"]
[BlackElo "2148"]
[TimeControl "180+1"]
[EndTime "11:07:15 PDT"]
[Termination "Konovalova_Vera won on time"]

1. e4 c6 2. d4 d5 3. e5 Bf5 4.
Nf3 e6 5. Be2 c5 6. dxc5 Bxc5 7.
a3 Nc6 8. b4 Bb6 9. Bb2 Nge7 10.
O-O Ng6 11. Bb5 O-O 12. Nbd2 Rc8 13. c4 a6 14. Ba4 d4 15. Nb3 Ncxe5 16. Nbxd4 Bxd4 17. Nxd4 Bg4 18. f3 Bf5 19. Nxf5 exf5 20. Qc2 Nxc4 21.
Qc3 Nxb2 22. Qxb2 Qg5 23. Rfe1 Nf4 24. Qd2 Nh3+ 0-1